 Dungeon Crawl Stone Soup version 0.26.0-3-g156281e41b (webtiles) character file.

Game seed: 6620532728507708364

302936 lessens the Phalangite (level 21, -3/184 HPs)
             Began as a Merfolk Delver on Jan 9, 2021.
             Was the Champion of Okawaru.
             Killed from afar by a Brimstone Fiend (43 damage)
             ... with damnation
             ... summoned by a deep elf demonologist
             ... on level 3 of the Elven Halls on Jan 10, 2021.
             The game lasted 01:47:06 (49565 turns).

lessens the Phalangite (Merfolk Delver)            Turns: 49565, Time: 01:47:07

Health: -3/184     AC: 25    Str: 20    XL:     21   Next: 7%
Magic:  28/28      EV: 32    Int: 10    God:    Okawaru [******]
Gold:   2629       SH:  0    Dex: 23    Spells: 20/20 levels left

rFire    . . .     SeeInvis +   b - +8 glaive (vamp)
rCold    + . .     Faith    .   (shield currently unavailable)
rNeg     . . .     Spirit   .   y - +3 ring mail {Will+}
rPois    +         Reflect  .   B - +1 helmet {SInv}
rElec    .         Harm     .   t - +2 cloak {rPois}
rCorr    .         Rampage  .   P - +2 pair of gloves
Will     ++...                  L - +2 pair of boots {Fly}
Stlth    ++++......             N - amulet of regeneration
HPRegen  0.80/turn              u - ring of protection from cold
MPRegen  0.21/turn              J - +6 ring of dexterity

@: heroism, flying
A: change form in water, swift swim, stealthy swim
}: 2/15 runes: serpentine, barnacled
a: Stop Flying, Renounce Religion, Heroism, Finesse


You were on level 3 of the Elven Halls.
You worshipped Okawaru.
Okawaru was exalted by your worship.
You visited 7 branches of the dungeon, and saw 35 of its levels.
You visited the Abyss 2 times.

You collected 3998 gold pieces.
You spent 1369 gold pieces at shops.

Inventory:

Hand Weapons
 a - a +2 demon trident of venom
 b - a +8 vampiric glaive (weapon)
 v - a +2 bardiche of protection
Missiles
 h - 1199 stones
 m - 8 curare-tipped darts (quivered)
 D - 8 boomerangs of dispersal
 I - 8 boomerangs
 V - 15 poisoned darts
Armour
 i - the +18 crystal plate armour of the First Friends {Regen+}
   (Okawaru gifted it to you on level 1 of the Snake Pit)

   It increases your rate of regeneration.
 n - a +4 plate armour of fire resistance
 t - a +2 cloak of poison resistance (worn)
 y - a +3 ring mail of willpower (worn)
 B - a +1 helmet of see invisible (worn)
 L - a +2 pair of boots of flying (worn)
 P - a +2 pair of gloves (worn)
 W - the +2 plate armour "Wawkerap" {rF+ Dex+3}
   (You found it on level 11 of the Dungeon)

   It affects your dexterity (+3).
   It protects you from fire.
Jewellery
 o - an uncursed amulet of guardian spirit
 u - a ring of protection from cold (left hand)
 w - an uncursed ring of magical power
 E - the ring "Ororoquask" {Ice Dex+4}
   (You found it on level 4 of the Dungeon)

   [ring of ice]

   It enhances your ice magic.
   It affects your dexterity (+4).
   It makes you vulnerable to fire.
   It protects you from cold.
 J - a +6 ring of dexterity (right hand)
 N - an amulet of regeneration (around neck)
 S - an uncursed ring of flight
 Z - an uncursed ring of resist corrosion
Wands
 g - a wand of digging (7)
 H - a wand of flame (47)
 M - a wand of disintegration (16)
 U - a wand of iceblast (13)
 Y - a wand of paralysis (14)
Scrolls
 c - 6 scrolls of fog
 d - 7 scrolls of magic mapping
 e - 3 scrolls of fear
 j - 11 scrolls of identify
 k - 19 scrolls of remove curse
 p - 4 scrolls of summoning
 q - 9 scrolls of enchant armour
 r - 9 scrolls of enchant weapon
 s - 4 scrolls of teleportation
 O - a scroll of blinking
Potions
 f - 3 potions of haste
 l - 17 potions of curing
 z - 8 potions of might
 A - 3 potions of magic
 C - 2 potions of cancellation
 F - 3 potions of flight
 G - 2 potions of berserk rage
 K - 5 potions of mutation
 Q - 2 potions of heal wounds
 R - a potion of resistance
 T - 2 potions of invisibility
Miscellaneous
 x - a phantom mirror (inert)


   Skills:
 + Level 20.7(25.7) Fighting
 - Level 26.0(27) Polearms
 + Level 11.2(16.2) Armour
 + Level 19.4(24.4) Dodging
 - Level 5.7(10.7) Stealth
 - Level 9.7 Invocations
 - Level 7.2 Evocations


You had 20 spell levels left.
You didn't know any spells.
Your spell library contained the following spells:

 Spells                   Type           Power        Failure   Level
 Animate Skeleton         Necr           0%           47%         1
 Apportation              Tloc           0%           47%         1
 Beastly Appendage        Tmut           0%           47%         1
 Corona                   Hex            0%           47%         1
 Foxfire                  Conj/Fire      0%           47%         1
 Magic Dart               Conj           0%           47%         1
 Pain                     Necr           0%           47%         1
 Sandblast                Erth           0%           47%         1
 Shock                    Conj/Air       0%           47%         1
 Summon Small Mammal      Summ           0%           47%         1
 Passwall                 Tmut/Erth      0%           63%         2
 Searing Ray              Conj           0%           63%         2
 Slow                     Hex            0%           63%         2
 Swiftness                Air            0%           63%         2
 Wereblood                Tmut           0%           63%         2
 Confusing Touch          Hex            0%           85%         3
 Dazzling Flash           Conj/Hex       0%           85%         3
 Gell's Gravitas          Tloc           0%           85%         3
 Ignite Poison            Fire/Tmut/Pois 0%           85%         3
 Inner Flame              Hex/Fire       0%           85%         3
 Portal Projectile        Hex/Tloc       0%           85%         3
 Spider Form              Tmut/Pois      0%           85%         3
 Static Discharge         Conj/Air       0%           85%         3
 Stone Arrow              Conj/Erth      0%           85%         3
 Teleport Other           Tloc           0%           85%         3
 Vampiric Draining        Necr           0%           85%         3
 Airstrike                Air            0%           99%         4
 Animate Dead             Necr           0%           99%         4
 Cause Fear               Hex            0%           99%         4
 Fulminant Prism          Conj/Hex       0%           99%         4
 Ice Form                 Ice/Tmut       0%           99%         4
 Iskenderun's Mystic Bla  Conj/Tloc      0%           99%         4
 Leda's Liquefaction      Hex/Erth       0%           99%         4
 Petrify                  Tmut/Erth      0%           99%         4
 Summon Ice Beast         Ice/Summ       0%           99%         4
 Agony                    Necr           0%           100%        5
 Blade Hands              Tmut           0%           100%        5
 Bolt of Magma            Conj/Fire/Erth 0%           100%        5
 Borgnjor's Vile Clutch   Necr/Erth      0%           100%        5
 Iskenderun's Battlesphe  Conj           0%           100%        5
 Lee's Rapid Deconstruct  Erth           0%           100%        5
 Lightning Bolt           Conj/Air       0%           100%        5
 Metabolic Englaciation   Hex/Ice        0%           100%        5
 Yara's Violent Unravell  Hex/Tmut       0%           100%        5
 Conjure Ball Lightning   Conj/Air       0%           100%        6
 Dispersal                Tloc           0%           100%        6
 Iron Shot                Conj/Erth      0%           100%        6
 Orb of Destruction       Conj           0%           100%        7
 Spellforged Servitor     Conj/Summ      0%           100%        7
 Disjunction              Tloc           0%           100%        8


Dungeon Overview and Level Annotations

Branches:
Dungeon (15/15)            Temple (1/1) D:4            Lair (6/6) D:8
 Shoals (4/4) Lair:4        Snake (4/4) Lair:3        Slime (0/5) Lair:5
    Orc (2/2) D:12            Elf (3/3) Orc:2        Vaults (0/5) D:14
 Depths (0/5) D:15

Altars:
Ashenzari
Fedhas
Hepliaklqana
Kikubaaqudgha
Makhleb
Nemelex Xobeh
Okawaru
Qazlal
Ru
Sif Muna
Trog
Vehumet
Wu Jian
Xom
Zin
The Shining One
Beogh
Jiyva
Lugonu

Shops:
D:12 *   Orc:1 !   Orc:2 }?(!   Snake:4 ?[?!

Portals:
Abyss: Snake:2
Pandemonium: Orc:2

Annotations:
D:3 Grinder
Shoals:2 2 transporters, Jafont's ghost, journeyman HOFE


Message History

The deep elf elementalist hits the bush but does no damage.
The deep elf annihilator hits your Brimstone Fiend but does no damage.
Your Brimstone Fiend barely misses the Brimstone Fiend.
Your Brimstone Fiend hits the Brimstone Fiend.
Your Brimstone Fiend barely misses the Brimstone Fiend.
You hit the earth elemental.
The earth elemental is lightly damaged.
The deep elf demonologist casts a spell.
Send 'em back where they came from!
Your Brimstone Fiend shimmers and vanishes!
The earth elemental completely misses you. x2
You hear a screech!
Some walls begin to move on their own!
The earth elemental misses you.
There is an open door here.
Blink to where?
Press: ? - help, Dir - move target, p - Brimstone Fiend
As you read the scroll of blinking, it crumbles to dust.
The Brimstone Fiend gestures at you.
The sphere of damnation explodes!
The damnation engulfs you!!!
You die...

####.[.......#
#.[.......#####
#.............#####
#.........###.....#
#####+##### #.....#
##.._..# #......#
#......# #.@...##
##.....# ##'#...##
#.##'### +###)# #.#
#.# #1### ##...#


You could see a Brimstone Fiend (summoned).

Vanquished Creatures
  Jorgrun (D:14)
  Rupert (D:12)
  2 deep elf blademasters
  A deep elf master archer (Elf:3)
  2 krakens
  Asterion (Snake:1)
  5 tentacled starspawn
  Frances (D:12)
  8 nagarajas (Snake:4)
  Donald (Elf:1)
  Louise (Snake:3)
  A frost giant (Shoals:4)
  Ilsuiw (Shoals:2)
  An orc warlord (Orc:1)
  3 deep elf elementalists (Elf:3)
  Nessos (D:12)
  A deep elf annihilator (Elf:3)
  The ghost of Caath the Blocker, a journeyman DrFi of Okawaru (Lair:5)
  A very ugly thing (Abyss:3)
  2 dire elephants (Lair:6)
  A white draconian (Abyss:2)
  The ghost of Ciovowug the Fighter, a journeyman DrTm of Ashenzari (Lair:2)
  A fire dragon (D:15)
  5 merfolk javelineers
  7 merfolk impalers
  The ghost of Xudgha the Protected, a journeyman MiFi of Okawaru (Lair:2)
  A yaktaur captain (D:15)
  20 naga warriors
  Fannar (D:10)
  10 hydras
  2 centaur warriors (D:15)
  5 merfolk avatars
  4 boulder beetles
  3 catoblepae
  An alligator snapping turtle (Shoals:2)
  17 anacondas
  9 two-headed ogres
  An ogre mage (D:15)
  3 satyrs
  30 dancing weapons
  A merfolk aquamancer (Shoals:4)
  2 tengu warriors (D:15)
  A thrashing horror (Abyss:2)
  4 death yaks
  11 naga sharpshooters
  2 sun demons (Orc:2)
  9 shock serpents
  10 deep elf knights
  6 orc high priests
  Sonja (D:12)
  4 wretched stars
  2 salamander mystics (Snake:4)
  A gelid demonspawn (Orc:2)
  2 infernal demonspawn (Orc:2)
  3 unseen horrors
  15 deep elf archers
  11 sea snakes
  9 naga ritualists
  5 orc knights
  Pikel (D:7)
  24 harpies
  A phantasmal warrior (Abyss:3)
  9 orc sorcerers
  A cyclops (shapeshifter) (Abyss:3)
  21 manticores
  45 deep elf magi
  10 fauns
  3 oklob plants (Lair:1)
  7 salamanders
  A worldbinder (Abyss:2)
  12 ugly things
  7 cyclopes
  6 mana vipers
  20 elephants
  2 rust devils
  Maurice (Orc:2)
  An apocalypse crab (Abyss:2)
  32 black mambas
  8 merfolk sirens
  A centaur zombie (D:12)
  17 guardian serpents
  19 naga magi
  6 water nymphs
  17 cane toads
  An orange demon (Orc:2)
  2 torpor snails
  2 gargoyles (D:15)
  3 smoke demons
  19 komodo dragons
  3 efreet
  A yaktaur (D:15)
  A kobold demonologist (D:12)
  An ice devil (D:15)
  A tormentor (Abyss:2)
  7 rime drakes
  A redback zombie (D:14)
  4 ancient zymes
  8 wind drakes
  23 merfolk
  9 trolls
  6 hornets
  4 polar bears
  11 blink frogs
  8 large abominations
  3 slime creatures (D:13)
  Prince Ribbit (D:9)
  12 snapping turtles
  2 raiju
  4 small abominations
  A meliai zombie (D:12)
  2 dream sheep (Shoals:4)
  3 air elementals
  2 shadows
  11 water elementals
  13 starcursed masses
  7 wyverns
  3 vampires
  A spriggan (Lair:3)
  41 yaks
  4 wraiths
  3 fire elementals
  4 basilisks
  A steam dragon (Lair:5)
  A chaos spawn (Abyss:2)
  9 vampire mosquitoes
  4 wargs
  26 water moccasins
  47 nagas
  An acid dragon (D:12)
  2 hydra simulacra (Lair:5)
  33 orc warriors
  4 sky beasts
  A necrophage (D:6)
  5 black bears
  An eye of draining (D:14)
  An eye of draining (shapeshifter) (D:14)
  4 phantoms
  A black mamba simulacrum (Lair:5)
  6 ice beasts
  A boulder beetle simulacrum (Lair:5)
  14 ogres
  A tengu (shapeshifter) (D:12)
  23 wolves
  2 lemures
  8 centaurs
  2 big kobolds
  17 bullfrogs
  A gnoll sergeant (D:7)
  A wyvern zombie (D:13)
  4 earth elementals
  6 scorpions
  A swamp dragon simulacrum (Abyss:2)
  A dream sheep simulacrum (Lair:5)
  10 killer bees
  An elephant simulacrum (Lair:5)
  A rime drake simulacrum (Lair:5)
  8 wights
  15 electric eels
  A howler monkey (D:12)
  4 crimson imps (D:15)
  6 hounds
  A quasit (D:12)
  A bullfrog zombie (D:9)
  4 jellies
  2 bullfrog skeletons (D:5)
  30 orc priests
  Jessica (D:3)
  6 centaur skeletons
  5 iguanas
  10 orc wizards
  3 worker ants
  A killer bee zombie (D:5)
  A hound skeleton (D:5)
  4 gnolls (D:7)
  24 adders
  4 shadow imps
  5 white imps
  5 ufetubi
  An ooze (D:2)
  2 worms
  The ghost of hihot the Covert, a weakling GnDe (D:4)
  6 leopard geckos
  64 orcs
  6 giant cockroaches
  12 goblins
  9 hobgoblins
  9 jackals
  4 quokkas
  2 ball pythons
  6 bats
  5 frilled lizards
  17 kobolds
  2 quokka zombies (D:5)
  7 rats
  2 lurking horrors (Snake:2)
  5 starspawn tentacles (Abyss:2)
  2 tentacles (Shoals:3)
1306 creatures vanquished.

Vanquished Creatures (others)
  A merfolk aquamancer (Shoals:4)
  A dancing weapon (Elf:2)
  A faun (Shoals:3)
  A water elemental (Elf:3)
  A fire elemental (Elf:1)
  An orc warrior (Orc:2)
  2 orc priests
  A bush (Elf:3)
  48 fungi
  A lurking horror (Abyss:2)
  149 plants
  19 starspawn tentacles
  9 tentacles
235 creatures vanquished.

Grand Total: 1541 creatures vanquished

Notes
Turn   | Place    | Note
-------+----------+-------------------------------------------
     0 | D:5      | lessens the Merfolk Delver began the quest for the Orb.
     0 | D:5      | Reached XP level 1. HP: 18/18 MP: 1/1
    49 | D:5      | Reached XP level 2. HP: 3/24 MP: 2/2
    49 | D:5      | Reached XP level 3. HP: 4/29 MP: 3/3
   336 | D:5      | Reached skill level 4 in Polearms
   478 | D:5      | Noticed a phantom
   517 | D:4      | Noticed an ogre
   723 | D:4      | Noticed an ice beast
   751 | D:4      | Reached XP level 4. HP: 24/36 MP: 4/4
  1588 | D:1      | Reached skill level 5 in Polearms
  2197 | D:2      | Reached XP level 5. HP: 41/41 MP: 5/5
  2595 | D:2      | Reached skill level 6 in Polearms
  3177 | D:3      | Found a blossoming altar of Fedhas.
  3204 | D:3      | Noticed Grinder
  3495 | D:3      | Paralysed by Grinder for 5 turns
  3506 | D:3      | Paralysed by Grinder for 7 turns
  3540 | D:3      | Noticed Jessica
  3573 | D:3      | Killed Jessica
  3839 | D:3      | Found a burning altar of Makhleb.
  3849 | D:3      | Reached skill level 7 in Polearms
  3849 | D:3      | Reached skill level 5 in Dodging
  3849 | D:3      | Reached XP level 6. HP: 44/47 MP: 6/6
  4422 | D:4      | Reached skill level 8 in Polearms
  4474 | D:4      | Found a staircase to the Ecumenical Temple.
  4487 | Temple   | Entered the Ecumenical Temple
  4540 | Temple   | Became a worshipper of Warmaster Okawaru
  4595 | D:4      | Killed an ice beast
  4596 | D:4      | Reached XP level 7. HP: 46/52 MP: 7/7
  4762 | D:4      | Got a faintly glowing platinum ring
  4786 | D:4      | Reached skill level 9 in Polearms
  4928 | D:4      | Found a large runed translucent door.
  4928 | D:4      | Found a large runed translucent door.
  4929 | D:4      | Noticed hihot's ghost (weakling GnDe)
  5060 | D:5      | Found an ornate altar of the Wu Jian Council.
  5131 | D:5      | Reached * piety under Okawaru
  5396 | D:5      | Identified the ring "Ororoquask" {Ice Dex+4} (You found it
                  | on level 4 of the Dungeon)
  5542 | D:5      | Reached skill level 10 in Polearms
  5640 | D:5      | Reached XP level 8. HP: 53/59 MP: 8/8
  5900 | D:5      | Found a shimmering blue altar of Sif Muna.
  6349 | D:6      | Reached ** piety under Okawaru
  6759 | D:6      | Reached skill level 11 in Polearms
  7786 | D:7      | Noticed Pikel
  7813 | D:7      | Reached skill level 12 in Polearms
  8274 | D:7      | Killed Pikel
  8274 | D:7      | Reached *** piety under Okawaru
  8275 | D:7      | Reached skill level 13 in Polearms
  8275 | D:7      | Reached XP level 9. HP: 19/64 MP: 9/9
  8554 | D:7      | Found a hazy altar of Hepliaklqana.
  9046 | D:7      | Reached **** piety under Okawaru
  9081 | D:7      | Reached skill level 14 in Polearms
  9138 | D:7      | Found a glowing silver altar of Zin.
  9138 | D:7      | Found a bloodstained altar of Trog.
  9204 | D:8      | Reached skill level 10 in Dodging
  9474 | D:8      | Found a staircase to the Lair.
  9517 | D:8      | Reached skill level 1 in Invocations
 10240 | D:8      | Reached skill level 15 in Polearms
 10240 | D:8      | Reached XP level 10. HP: 60/70 MP: 10/12
 10392 | D:8      | Found a broken altar of Ashenzari.
 10667 | D:8      | Noticed a cyclops
 10701 | D:8      | Killed a cyclops
 11251 | D:9      | Noticed Prince Ribbit
 11262 | D:9      | Killed Prince Ribbit
 11423 | D:9      | You fall into a shaft and drop 3 floors!
 11444 | D:12     | Noticed a two-headed ogre
 11451 | D:12     | Noticed Frances
 11458 | D:12     | Killed a two-headed ogre
 11459 | D:12     | Reached skill level 16 in Polearms
 11459 | D:12     | Reached skill level 5 in Invocations
 11466 | D:12     | Noticed a manticore
 11483 | D:12     | Noticed Rupert
 11705 | D:12     | Noticed Nessos
 11718 | D:12     | Noticed a harpy
 11719 | D:12     | a harpy changed into a tengu
 11774 | D:12     | Noticed Sonja
 12003 | D:11     | Reached ***** piety under Okawaru
 12030 | D:10     | Entered Level 10 of the Dungeon
 12316 | D:10     | Paralysed by a hornet for 3 turns
 12325 | D:10     | Reached skill level 1 in Armour
 12617 | D:10     | Reached XP level 11. HP: 70/78 MP: 15/15
 12669 | D:9      | Received a gift from Okawaru
 12749 | D:9      | Reached skill level 5 in Fighting
 13360 | D:10     | Found a stormy altar of Qazlal.
 13870 | D:10     | Noticed Fannar
 13931 | D:11     | Noticed a five-headed hydra
 13941 | D:11     | Killed a five-headed hydra
 14210 | D:11     | Received a gift from Okawaru
 14438 | D:11     | Got a spiked plate armour
 14449 | D:11     | Identified the +2 plate armour "Wawkerap" {rF+ Dex+3} (You
                  | found it on level 11 of the Dungeon)
 14515 | D:12     | Found Vunimn's Assorted Antiques.
 14518 | D:12     | Bought a glowing trident for 208 gold pieces
 14598 | D:10     | Killed Fannar
 15586 | Lair:1   | Entered Level 1 of the Lair of Beasts
 15851 | Lair:1   | Noticed an oklob plant
 15865 | Lair:1   | Noticed an oklob plant
 15865 | Lair:1   | Noticed an oklob plant
 16059 | Lair:1   | Noticed a five-headed hydra
 16073 | Lair:1   | Killed a five-headed hydra
 16104 | Lair:1   | Killed an oklob plant
 16369 | Lair:1   | Killed an oklob plant
 16383 | Lair:1   | Killed an oklob plant
 16384 | Lair:1   | Reached XP level 12. HP: 62/92 MP: 16/16
 16532 | Lair:1   | Noticed an eight-headed hydra
 16550 | Lair:1   | Killed an eight-headed hydra
 16722 | Lair:1   | Noticed a four-headed hydra
 16735 | Lair:1   | Killed a four-headed hydra
 16736 | Lair:1   | Reached skill level 5 in Armour
 16815 | Lair:1   | Noticed a five-headed hydra
 16827 | Lair:1   | Killed a five-headed hydra
 17223 | Lair:2   | Noticed a death yak
 17224 | Lair:2   | Found a burning altar of Makhleb.
 17250 | Lair:2   | Killed a death yak
 17250 | Lair:2   | Received a gift from Okawaru
 17373 | Lair:2   | Reached skill level 17 in Polearms
 17946 | Lair:2   | Found a runed translucent gate.
 17981 | Lair:2   | Reached skill level 18 in Polearms
 18008 | Lair:2   | Found a runed translucent gate.
 18008 | Lair:2   | Found a runed translucent gate.
 18008 | Lair:2   | Noticed Xudgha's ghost (journeyman MiFi)
 18009 | Lair:2   | Noticed Ciovowug's ghost (journeyman DrTm)
 18115 | Lair:2   | Received a gift from Okawaru
 18652 | Lair:3   | Reached skill level 19 in Polearms
 18724 | Lair:3   | Reached XP level 13. HP: 99/99 MP: 17/17
 19030 | Lair:3   | Found a staircase to the Snake Pit.
 19056 | Lair:3   | Reached skill level 20 in Polearms
 19058 | Lair:3   | Reached ****** piety under Okawaru
 19761 | Lair:3   | Received a gift from Okawaru
 20588 | Lair:4   | Found a staircase to the Shoals.
 20611 | Lair:4   | Reached skill level 10 in Fighting
 20842 | Lair:4   | Received a gift from Okawaru
 22274 | Lair:5   | Reached XP level 14. HP: 106/111 MP: 18/18
 22342 | Lair:5   | Found a runed translucent gate.
 22342 | Lair:5   | Found a runed translucent gate.
 22342 | Lair:5   | Found a runed translucent gate.
 22429 | Lair:5   | Noticed Caath's ghost (journeyman DrFi)
 22507 | Lair:5   | Reached skill level 15 in Dodging
 22676 | Lair:5   | Received a gift from Okawaru
 22894 | Lair:5   | Found a viscous altar of Jiyva.
 22894 | Lair:5   | Found a staircase to the Slime Pits.
 23198 | Lair:6   | Entered Level 6 of the Lair of Beasts
 23425 | Lair:5   | Identified a scroll of acquirement
 23425 | Lair:5   | Acquired a +2 demon trident of venom
 23640 | Lair:6   | Received a gift from Okawaru
 23703 | Lair:6   | Noticed a dire elephant
 23916 | Lair:6   | Paralysed by a hornet for 3 turns
 23966 | Lair:6   | Acquired a +2 cloak of poison resistance
 24220 | Lair:6   | Noticed a dire elephant
 24246 | Lair:6   | Received a gift from Okawaru
 24248 | Lair:6   | Killed a dire elephant
 24527 | Lair:6   | Reached skill level 1 in Evocations
 24860 | Lair:6   | Killed a dire elephant
 24886 | Lair:6   | Reached XP level 15. HP: 120/120 MP: 20/20
 25122 | D:12     | Identified the Grimoire of Icy Arcane Weapons
 25147 | D:12     | Killed Nessos
 25205 | D:12     | Killed Rupert
 25205 | D:12     | Received a gift from Okawaru
 25303 | D:12     | Reached skill level 5 in Evocations
 25378 | D:12     | Killed Sonja
 25442 | D:12     | Found a staircase to the Orcish Mines.
 25684 | D:12     | Found a roughly hewn altar of Beogh.
 25826 | D:12     | Killed Frances
 26605 | D:13     | Got a spiked chain mail
 26616 | D:13     | Identified the +7 chain mail "Oqafunuo" {rPois rCorr Int+4
                  | Dex-4} (You found it on level 13 of the Dungeon)
 27001 | D:14     | Found a gate to the Vaults.
 27008 | D:14     | Noticed Jorgrun
 27028 | D:14     | Killed Jorgrun
 27198 | D:14     | Received a gift from Okawaru
 27271 | Orc:1    | Entered Level 1 of the Orcish Mines
 27431 | Orc:1    | Noticed an orc warlord
 27704 | Orc:1    | Found Benkabbo's Distillery.
 27859 | Orc:1    | Killed an orc warlord
 27948 | Orc:2    | Entered Level 2 of the Orcish Mines
 28187 | Orc:2    | Found a staircase to the Elven Halls.
 28247 | Orc:2    | Noticed Maurice
 28264 | Orc:2    | Killed Maurice
 28286 | Orc:2    | Found Noupnanoti's Magic Scroll Shoppe.
 28287 | Orc:2    | Found Laroh's Distillery.
 28923 | Orc:2    | Reached XP level 16. HP: 52/129 MP: 23/23
 29839 | Orc:2    | Paralysed by an orc sorcerer for 3 turns
 29851 | Orc:2    | Received a gift from Okawaru
 29877 | Orc:2    | Got a steaming cloak {god gift}
 29888 | Orc:2    | Identified the +2 cloak of the Original Sin {Str+3}
                  | (Okawaru gifted it to you on level 2 of the Orcish Mines)
 29905 | Orc:2    | Found Siomi's Antique Weapon Boutique.
 29905 | Orc:2    | Found Asuafuy's Gadget Shop.
 29905 | Orc:2    | Found a one-way gate leading to the halls of Pandemonium.
 30428 | D:15     | Entered Level 15 of the Dungeon
 30700 | D:15     | Found the +8 mithril axe "Arga" {speed, Will+}
 31225 | D:15     | Found a staircase to the Depths.
 31337 | D:15     | Received a gift from Okawaru
 31403 | D:15     | Acquired a +1 helmet of see invisible
 32147 | Snake:1  | Entered Level 1 of the Snake Pit
 32165 | Snake:1  | Reached skill level 10 in Armour
 33284 | Snake:1  | Received a gift from Okawaru
 33299 | Snake:1  | Reached XP level 17. HP: 20/140 MP: 24/24
 33741 | Snake:1  | Received a gift from Okawaru
 33750 | Snake:1  | Got a glimmering crystal plate armour {god gift}
 33767 | Snake:1  | Identified the +18 crystal plate armour of the First
                  | Friends {Regen+} (Okawaru gifted it to you on level 1 of
                  | the Snake Pit)
 34310 | Snake:1  | Noticed Asterion
 34329 | Snake:1  | Killed Asterion
 34726 | Snake:2  | Found a corrupted altar of Lugonu.
 35040 | Snake:2  | Found a one-way gate to the infinite horrors of the Abyss.
 35304 | Snake:2  | Reached skill level 15 in Fighting
 35805 | Snake:2  | Reached skill level 21 in Polearms
 35869 | Snake:3  | Identified Lom Lobon's Disquisition on the Voyage
 36336 | Snake:3  | Noticed Louise
 36360 | Snake:3  | Cast into level 3 of the Abyss (Louise)
 36389 | Abyss:3  | Noticed a tentacled starspawn
 36412 | Abyss:3  | Noticed a tentacled starspawn
 36447 | Abyss:3  | Received a gift from Okawaru
 36464 | Abyss:3  | Killed a tentacled starspawn
 36474 | Abyss:3  | Killed a tentacled starspawn
 36564 | Abyss:3  | Paralysed by accursed screaming for 1 turns
 36565 | Abyss:3  | HP: 3/113 [starcursed mass/accursed screaming (13)]
 36704 | Snake:3  | Escaped the Abyss
 36732 | Snake:3  | Cast into level 2 of the Abyss (Louise)
 37014 | Abyss:2  | Paralysed by you for 7 turns
 37149 | Abyss:2  | Noticed a tentacled starspawn
 37167 | Abyss:2  | Killed a tentacled starspawn
 37181 | Abyss:2  | Reached skill level 22 in Polearms
 37220 | Abyss:2  | Noticed a Hell Sentinel
 37293 | Abyss:2  | Found a shimmering altar of Xom.
 37325 | Abyss:2  | Noticed a tentacled starspawn
 37339 | Abyss:2  | Noticed a tentacled starspawn
 37347 | Abyss:2  | Killed a tentacled starspawn
 37355 | Abyss:2  | Killed a tentacled starspawn
 37359 | Snake:3  | Escaped the Abyss
 37414 | Snake:3  | Killed Louise
 37536 | Snake:3  | Reached XP level 18. HP: 134/152 MP: 25/25
 38131 | Snake:4  | Entered Level 4 of the Snake Pit
 38696 | Snake:4  | Received a gift from Okawaru
 38805 | Snake:4  | Received a gift from Okawaru
 39041 | Snake:4  | Reached skill level 23 in Polearms
 39368 | Snake:4  | Found Yfadghusch's Distillery.
 39370 | Snake:4  | Found Anuthrae's Magic Scroll Boutique.
 39370 | Snake:4  | Found Uduotwih's Antique Armour Shop.
 39373 | Snake:4  | Found Nymiut's Magic Scroll Shop.
 39613 | Snake:4  | Bought a potion of might for 72 gold pieces
 39613 | Snake:4  | Bought a potion of might for 72 gold pieces
 39613 | Snake:4  | Bought a potion of might for 72 gold pieces
 39622 | Snake:4  | Bought a scroll of acquirement for 728 gold pieces
 39622 | Snake:4  | Bought a scroll of teleportation for 42 gold pieces
 39622 | Snake:4  | Bought a scroll of blinking for 105 gold pieces
 39622 | Snake:4  | Acquired 402 gold pieces
 39630 | Snake:4  | Bought a scroll of fear for 70 gold pieces
 39991 | Snake:4  | Reached skill level 24 in Polearms
 40255 | Snake:4  | Reached XP level 19. HP: 163/163 MP: 26/26
 40324 | Snake:4  | Got a serpentine rune of Zot
 40670 | Shoals:1 | Entered Level 1 of the Shoals
 40883 | Shoals:1 | Received a gift from Okawaru
 41036 | Shoals:1 | Received a gift from Okawaru
 41566 | Shoals:2 | Found a transporter.
 41566 | Shoals:2 | Identified the cursed +1 trident of Meugodwi {antimagic,
                  | *Contam rElec Dex+4 Stlth+}
 41570 | Shoals:2 | Identified the +8 trident "Piag" {antimagic, Int+2}
 41577 | Shoals:2 | Noticed Jafont's ghost (journeyman HOFE)
 41585 | Shoals:2 | Found a transporter.
 41606 | Shoals:2 | Found a bloodstained altar of Trog.
 41646 | Shoals:2 | Noticed Ilsuiw
 41690 | Shoals:2 | Killed Ilsuiw
 41745 | Shoals:2 | Received a gift from Okawaru
 42585 | Shoals:3 | Reached skill level 25 in Polearms
 43355 | Shoals:4 | Entered Level 4 of the Shoals
 43430 | Shoals:4 | Received a gift from Okawaru
 43985 | Shoals:4 | Got a barnacled rune of Zot
 44233 | Shoals:4 | Reached XP level 20. HP: 165/176 MP: 27/27
 44247 | Shoals:4 | Acquired 323 gold pieces
 44344 | Shoals:4 | Received a gift from Okawaru
 44352 | Shoals:4 | Got a polished glaive {god gift}
 44353 | Shoals:4 | Identified the +1 glaive of Ravage {flame, Int+3} (Okawaru
                  | gifted it to you on level 4 of the Shoals)
 45424 | D:4      | Killed hihot's ghost
 45628 | Lair:2   | Killed Ciovowug's ghost
 45637 | Lair:2   | Killed Xudgha's ghost
 45770 | Lair:5   | Killed Caath's ghost
 45771 | Lair:5   | Reached skill level 26 in Polearms
 46228 | Elf:1    | Entered Level 1 of the Elven Halls
 46482 | Elf:1    | Noticed Donald
 46494 | Elf:1    | Killed Donald
 47795 | Elf:2    | Identified Sif Muna's Disquisition on Sinister
                  | Transmigration
 47957 | Elf:2    | Found a runed translucent gate.
 47957 | Elf:2    | Found a runed translucent gate.
 47961 | Elf:2    | Found a runed translucent gate.
 47999 | Elf:2    | Received a gift from Okawaru
 48902 | Elf:3    | Entered Level 3 of the Elven Halls
 49086 | Elf:3    | Received a gift from Okawaru
 49125 | Elf:3    | Found a radiant altar of Vehumet.
 49264 | Elf:3    | Reached XP level 21. HP: 179/184 MP: 28/28
 49565 | Elf:3    | Killed from afar by a Brimstone Fiend

Illustrated notes

Levels and vault maps discovered:
D:1:      scummos_arrival_simple_fountains, layout_loops_ring
D:2:      layout_basic
D:3:      layout_loops_corners, makhleb_blood_cavern_becter, fedhas_altar_2,
          uniq_jessica, uniq_grinder
D:4:      layout_loops_corners, minmay_temple_entry_steel_oval,
          ebering_ghost_disaster_area, dk_noncrumbling_4
D:5:      layout_loops_cross, marbit_many_paths, lemuel_round_altar,
          enter_ossuary_4, hangedman_minor_gate_pass
D:6:      layout_basic
D:7:      minmay_chambers_of_sixes, layout_basic,
          nicolae_overflow_hidden_temple, uniq_pikel
D:8:      layout_basic, erik_lair_orcish_takeover,
          hangedman_abyss_or_decor_jellyfish_corner, ashenzari_altar_1
D:9:      layout_gridville, chequers_serial_rivers_small_b, uniq_prince_ribbit1
D:10:     layout_big_octagon, serial_park, serial_park_tiny_1,
          serial_park_square3 [serial_park_minivault_5x5_4], serial_park_square3
          [serial_park_minivault_5x5_7], grunt_ministairs_14, uniq_fannar
D:11:     layout_rooms
D:12:     layout_roguey, orc_0_dummy, special_room [special_room_orc],
          serial_shops, kennysheep_mini, grunt_ministairs_4, uniq_nessos,
          uniq_rupert, uniq_frances, uniq_sonja
D:13:     layout_long_grid
D:14:     layout_rooms, erik_vaults_1, serial_glass, glass_columns_b,
          glass_columns_a, glass_columns_a, glass_columns_a, glass_columns_b,
          glass_columns_a, uniq_jorgrun
D:15:     grunt_enter_depths_snipers, layout_irregular_city, bh_walls_and_bars,
          minmay_fire_ice_demons
Temple:   jpeg_temple_clearing
Lair:1:   layout_chaotic_city, minmay_lair_oklob_chamber
Lair:2:   layout_regular_city, basic_altar, gammafunk_ghost_cemetery
Lair:3:   layout_regular_city, minmay_snake_entry_six_corridors,
          grunt_forest_small_clearings, wad_woods_03, serial_bayou_shore_b
Lair:4:   wad_woods_structure_01, layout_hall_layers, elwin_shoals_entry_stream,
          kennysheep_catoblepas_arena
Lair:5:   layout_cave_shapes, slime_altar_1, gammafunk_ghost_icy,
          grunt_megastairs_4
Lair:6:   gammafunk_lair_ancient_temple, layout_regular_city,
          serial_bayou_lagoon_a, lookout_lair_type
Shoals:1: layout_shoals, nicolae_shoals_kraken_intersection
Shoals:2: layout_shoals, gammafunk_ghost_wrathful_warriors, abandoned_shop,
          ldierk_geyser, uniq_ilsuiw
Shoals:3: layout_shoals, nzn_prometheus_bound
Shoals:4: shoals_end_grunt_ice, layout_shoals
Snake:1:  minmay_snake_river, layout_layer_cave, drop_trap, minmay_snake_pond,
          uniq_asterion
Snake:2:  layout_cave_town, drop_trap, amcnicky_altar_lugonu_corruption,
          serial_bayou_shore_b
Snake:3:  layout_onion_interference, uniq_louise
Snake:4:  grunt_snake_rune_serpentine_throne, layout_cave_town,
          grunt_ministairs_5, minmay_shoptagon
Orc:1:    layout_diamond_mine, serial_shops, shop
Orc:2:    pf_orc_diabolical, layout_caves, uniq_maurice
Elf:1:    eino_elf_arrival_sip, layout_geoelf_octagon, evilmike_minifort,
          grunt_ministairs_13, uniq_donald
Elf:2:    layout_geoelf_grid
Elf:3:    grunt_elf_hall_diamonds, layout_geoelf_octagon, basic_altar

Skill      XL: |  1  2  3  4  5  6  7  8  9 10 11 12 13 14 15 16 17 18 19 20 |
---------------+-------------------------------------------------------------+-----
Dodging        | 3 4 5 6 9 10 12 13 14 16 18 19 | 19.4
Polearms       | 4 5 7 8 10 13 15 16 19 20 22 24 25 26 | 26.0
Invocations    | 2 5 6 9 |  9.7
Fighting       | 4 7 8 10 12 14 16 18 19 20 | 20.7
Armour         | 1 4 5 6 8 10 11 | 11.2
Evocations     | 3 7 |  7.2
Stealth        | |  5.7

Action                   |  1- 3 |  4- 6 |  7- 9 | 10-12 | 13-15 | 16-18 | 19-21 || total
-------------------------+-------+-------+-------+-------+-------+-------+-------++-------
Melee: Spear             |    50 |   423 |   872 |    97 |       |       |       ||  1442
       Trident           |       |       |       |   676 |    53 |       |       ||   729
       Tailslap          |       |       |       |    17 |    30 |     1 |       ||    48
       Glaive            |       |       |       |   210 |  1433 |  1523 |  1568 ||  4734
       Punch             |       |       |       |       |     9 |     9 |       ||    18
       Demon trident     |       |       |       |       |   131 |   744 |       ||   875
Throw: Dart              |       |       |     2 |     3 |     5 |       |       ||    10
Invok: Heroism           |       |       |     2 |    18 |    29 |    26 |    15 ||    90
Evoke: Wand              |       |       |       |     4 |     1 |     6 |       ||    11
       Phantom mirror    |       |       |       |       |       |       |     1 ||     1
  Use: Scroll            |       |     1 |     8 |    18 |    10 |     8 |    16 ||    61
       Potion            |       |     2 |       |     3 |     2 |     8 |     1 ||    16
 Stab: Sleeping          |     1 |    12 |    14 |     8 |    23 |       |    10 ||    68
       Distracted        |       |       |     2 |       |     8 |     5 |     2 ||    17
       Petrified         |       |       |       |       |    12 |     2 |       ||    14
       Paralysed         |       |       |       |       |       |     2 |       ||     2
Armor: Leather armour    |     8 |     9 |       |       |       |       |       ||    17
       Ring mail         |       |   103 |    95 |    62 |   241 |       |   138 ||   639
       Plate armour      |       |       |       |   199 |       |    97 |       ||   296
       Chain mail        |       |       |       |       |   159 |   199 |       ||   358
       Crystal plate arm |       |       |       |       |       |  1117 |   820 ||  1937
Dodge: Dodged            |    37 |   201 |   286 |   515 |  1443 |  1199 |   981 ||  4662
Block: Buckler           |       |       |    36 |   102 |       |       |       ||   138
